 Dungeon Crawl Stone Soup version 0.29.0-4-gdea44cf6ec (webtiles) character file.

Game seed: 11291479222697299444

8193 qw the Grappler (level 11, -2/105 HPs)
             Began as a Troll Cinder Acolyte on Sept 2, 2022.
             Was a Follower of Ignis.
             Slain by an unseen horror simulacrum (12 damage)
             ... on level 9 of the Dungeon.
             The game lasted 00:05:54 (7682 turns).

qw the Grappler (Troll Cinder Acolyte)              Turns: 7682, Time: 00:05:55

Health: -2/105     AC: 14    Str: 28    XL:     11   Next: 6%
Magic:  11/11      EV:  9    Int: 10    God:    Ignis [*.....]
Gold:   173        SH:  0    Dex:  5    Spells: 12/12 levels left

rFire   + . .      SeeInvis +     - Unarmed
rCold   . . .      Faith    .   (no shield)
rNeg    . . .      Spirit   .   a - +0 robe
rPois   .          Reflect  .   s - +1 hat {SInv}
rElec   .          Harm     .   q - +1 cloak
rCorr   +          Rampage  .   (gloves unavailable)
Will    .....                   (boots unavailable)
Stlth   +.........              (no amulet)
HPRegen 1.07/turn               i - ring of resist corrosion
MPRegen 0.12/turn               (no ring)

@: about to teleport, fiery-armoured
A: large, unfitting armour, claws 3, regeneration 1, shaggy fur 1, tough skin 1
a: Renounce Religion, Fiery Armour, Foxfire Swarm, Rising Flame


You were on level 9 of the Dungeon.
You worshipped Ignis.
Ignis was aware of your devotion.
You visited 1 branch of the dungeon, and saw 9 of its levels.

You collected 431 gold pieces.
You spent 258 gold pieces at shops.


Innate Abilities, Weirdness & Mutations

You are too large for most types of armour.
You have claws for hands.
Your natural rate of healing is unusually fast.
You are covered in fur. (AC +1)
You have tough skin. (AC +1)


   Skills:
 - Level 6.0 Fighting
 - Level 5.8 Throwing
 - Level 1.1 Armour
 - Level 1.9 Dodging
 + Level 14.2 Unarmed Combat
 - Level 1.0 Spellcasting
 - Level 2.1 Fire Magic


You had 12 spell levels left.
You didn't know any spells.
Your spell library contained the following spells:

 Spells                   Type           Power      Damage    Failure   Level
 Scorch                   Fire           8%         2d5       22%         2

Inventory:

Missiles
 n - a javelin (quivered)
 p - 3 boomerangs
Armour
 a - a +0 robe (worn)
 j - +0 acid dragon scales
 q - a +1 cloak (worn)
 s - a +1 hat of see invisible (worn)
Jewellery
 f - a ring of fire
 i - a ring of resist corrosion (left claw)
Scrolls
 b - a scroll of identify
 c - a scroll of teleportation
Potions
 d - 2 potions of might
 e - a potion of heal wounds
 g - a potion of cancellation
 h - 2 potions of mutation
 k - 2 potions of curing
 m - 4 potions of resistance
 o - a potion of invisibility {unknown}

Dungeon Overview and Level Annotations

Branches:
Dungeon (9/15)             Temple (0/1) D:4
   Lair: D:8-11         Orc: D:9-12

Altars:
Ashenzari
Cheibriados
Elyvilon
Fedhas
Gozag
Kikubaaqudgha
Qazlal
Ru
Xom
The Shining One

Shops:
D:5 [:[   D:7 **


Message History

A centaur simulacrum comes into view.
You claw the yak!
The yak is heavily wounded.
The yak gores you!
You mangle the yak!!
You kill the yak!
The unseen horror simulacrum closely misses you.
You scratch the unseen horror simulacrum.
The unseen horror simulacrum is lightly damaged.
The unseen horror simulacrum hits you.
The unseen horror simulacrum freezes you!!
The unseen horror simulacrum hits you but does no damage.
You claw the unseen horror simulacrum!
The unseen horror simulacrum is heavily damaged.
The unseen horror simulacrum hits you.
The unseen horror simulacrum freezes you!!
The unseen horror simulacrum hits you.
The unseen horror simulacrum freezes you!
7681 ||| INVOKING Fiery Armour.
A protective cloak of flame settles atop you.
The unseen horror simulacrum hits you but does no damage.
The unseen horror simulacrum melts!
The unseen horror simulacrum is burned by your cloak of flames.
The unseen horror simulacrum is severely damaged.
The unseen horror simulacrum hits you but does no damage.
The unseen horror simulacrum melts!
The unseen horror simulacrum is burned by your cloak of flames.
The unseen horror simulacrum is severely damaged.
The unseen horror simulacrum hits you.
The unseen horror simulacrum freezes you!!
The unseen horror simulacrum melts!
The unseen horror simulacrum is burned by your cloak of flames.
The unseen horror simulacrum is almost destroyed.
7682 ||| READING 2 scrolls of teleportation.
As you read the scroll of teleportation, it crumbles to dust.
You feel strangely unstable.
The unseen horror simulacrum closely misses you. x2
The unseen horror simulacrum hits you.
The unseen horror simulacrum freezes you!
You die...

... #.# ~ #######.## .y
#........# (F. #........#
.... #........# ##..(..
#........#####.......
#........##@ZZ.#.......#
#........##.####.......#
#...........# ......#
#........#### .....#
####.####...# ....
#~~..~~~##### #########.#
#~....~~#### #.).......##
###~.¤.¤..#..####)).#......#
#....¤¤¤..(..'....##.##....#


You could see a centaur simulacrum and an unseen horror simulacrum.

Vanquished Creatures
  Gastronok (D:8)
  A boulder beetle (D:8)
  A cyclops (D:8)
  A komodo dragon (D:9)
  13 yaks
  2 wyverns
  2 steam dragons
  An acid dragon (D:9)
  A sky beast (D:7)
  A black bear (D:8)
  2 ice beasts
  An ogre (D:5)
  2 centaurs
  4 wolves (D:9)
  A phantom (D:5)
  3 kobold brigands
  5 bullfrogs
  4 scorpions
  8 wights
  2 killer bees (D:9)
  6 howler monkeys
  3 hounds
  2 gnoll boudas
  2 jellies
  3 iguanas
  Natasha (thrice) (D:3)
  7 orc wizards
  A centaur simulacrum (D:9)
  8 gnolls
  11 adders
  2 white imps
  An ufetubus (D:9)
  2 worms (D:3)
  6 dart slugs
  27 orcs
  9 ball pythons
  3 bats
  10 endoplasms
  A giant cockroach (D:4)
  8 goblins
  7 hobgoblins
  23 kobolds
  3 quokkas (D:2)
  5 frilled lizards
  6 rats
215 creatures vanquished.

Vanquished Creatures (others)
  13 plants (D:4)
  4 toadstools (D:1)
17 creatures vanquished.

Grand Total: 232 creatures vanquished

Notes
Turn   | Place    | Note
-------+----------+-------------------------------------------
     0 | D:1      | qw the Troll Cinder Acolyte began the quest for the Orb.
     0 | D:1      | Reached XP level 1. HP: 22/22 MP: 1/1
     0 | D:1      | 0 ||| qw: Version: 0.1-a-97-g2dd2ca4
     0 | D:1      | 0 ||| qw: Game counter: 4904
     0 | D:1      | 0 ||| qw: Always use a shield: true
     0 | D:1      | 0 ||| qw: God list: Okawaru
     0 | D:1      | 0 ||| qw: Allow faded altars: false
     0 | D:1      | 0 ||| qw: Do Orc after D:15 true
     0 | D:1      | 0 ||| qw: Do second Lair branch before Depths: true
     0 | D:1      | 0 ||| qw: Lair rune preference: random
     0 | D:1      | 0 ||| qw: Plans: Normal
     0 | D:1      | 0 ||| PLANNING D:1-11
    26 | D:1      | 26 ||| Stepping randomly (stuck).
    27 | D:1      | 27 ||| Stepping randomly (stuck).
    28 | D:1      | 28 ||| Stepping randomly (stuck).
    29 | D:1      | 29 ||| Stepping randomly (stuck).
    30 | D:1      | 30 ||| Stepping randomly (stuck).
    31 | D:1      | 31 ||| Stepping randomly (stuck).
    32 | D:1      | 32 ||| Stepping randomly (stuck).
    33 | D:1      | 33 ||| Stepping randomly (stuck).
    34 | D:1      | 34 ||| Stepping randomly (stuck).
    35 | D:1      | 35 ||| Stepping randomly (stuck).
    36 | D:1      | 36 ||| Stepping randomly (stuck).
    37 | D:1      | 37 ||| Stepping randomly (stuck).
    38 | D:1      | 38 ||| Stepping randomly (stuck).
    39 | D:1      | 39 ||| Stepping randomly (stuck).
    40 | D:1      | 40 ||| Stepping randomly (stuck).
    41 | D:1      | 41 ||| Stepping randomly (stuck).
    42 | D:1      | 42 ||| Stepping randomly (stuck).
    43 | D:1      | 43 ||| Stepping randomly (stuck).
    44 | D:1      | 44 ||| Stepping randomly (stuck).
    45 | D:1      | 45 ||| Stepping randomly (stuck).
    46 | D:1      | 46 ||| Stepping randomly (stuck).
    47 | D:1      | 47 ||| Stepping randomly (stuck).
    48 | D:1      | 48 ||| Stepping randomly (stuck).
    49 | D:1      | 49 ||| Stepping randomly (stuck).
    50 | D:1      | 50 ||| Stepping randomly (stuck).
    51 | D:1      | 51 ||| Stepping randomly (stuck).
    52 | D:1      | 52 ||| Stepping randomly (stuck).
    53 | D:1      | 53 ||| Stepping randomly (stuck).
    54 | D:1      | 54 ||| Stepping randomly (stuck).
    55 | D:1      | 55 ||| Stepping randomly (stuck).
    56 | D:1      | 56 ||| Stepping randomly (stuck).
    57 | D:1      | 57 ||| Stepping randomly (stuck).
    58 | D:1      | 58 ||| Stepping randomly (stuck).
    59 | D:1      | 59 ||| Stepping randomly (stuck).
    60 | D:1      | 60 ||| Stepping randomly (stuck).
    61 | D:1      | 61 ||| Stepping randomly (stuck).
    62 | D:1      | 62 ||| Stepping randomly (stuck).
    63 | D:1      | 63 ||| Stepping randomly (stuck).
    64 | D:1      | 64 ||| Stepping randomly (stuck).
    65 | D:1      | 65 ||| Stepping randomly (stuck).
    66 | D:1      | 66 ||| Stepping randomly (stuck).
    67 | D:1      | 67 ||| Stepping randomly (stuck).
    68 | D:1      | 68 ||| Stepping randomly (stuck).
    69 | D:1      | 69 ||| Stepping randomly (stuck).
    70 | D:1      | 70 ||| Stepping randomly (stuck).
    71 | D:1      | 71 ||| Stepping randomly (stuck).
    72 | D:1      | 72 ||| Stepping randomly (stuck).
    73 | D:1      | 73 ||| Stepping randomly (stuck).
    74 | D:1      | 74 ||| Stepping randomly (stuck).
    75 | D:1      | 75 ||| Stepping randomly (stuck).
    76 | D:1      | 76 ||| Stepping randomly (stuck).
    77 | D:1      | 77 ||| Stepping randomly (stuck).
    78 | D:1      | 78 ||| Stepping randomly (stuck).
    79 | D:1      | 79 ||| Stepping randomly (stuck).
    80 | D:1      | 80 ||| Stepping randomly (stuck).
    81 | D:1      | 81 ||| Stepping randomly (stuck).
    82 | D:1      | 82 ||| Stepping randomly (stuck).
    83 | D:1      | 83 ||| Stepping randomly (stuck).
    84 | D:1      | 84 ||| Stepping randomly (stuck).
    85 | D:1      | 85 ||| Stepping randomly (stuck).
    86 | D:1      | 86 ||| Stepping randomly (stuck).
    87 | D:1      | 87 ||| Stepping randomly (stuck).
    88 | D:1      | 88 ||| Stepping randomly (stuck).
    89 | D:1      | 89 ||| Stepping randomly (stuck).
    90 | D:1      | 90 ||| Stepping randomly (stuck).
    91 | D:1      | 91 ||| Stepping randomly (stuck).
    92 | D:1      | 92 ||| Stepping randomly (stuck).
    93 | D:1      | 93 ||| Stepping randomly (stuck).
    94 | D:1      | 94 ||| Stepping randomly (stuck).
    95 | D:1      | 95 ||| Stepping randomly (stuck).
    96 | D:1      | 96 ||| Stepping randomly (stuck).
    97 | D:1      | 97 ||| Stepping randomly (stuck).
    98 | D:1      | 98 ||| Stepping randomly (stuck).
    99 | D:1      | 99 ||| Stepping randomly (stuck).
   100 | D:1      | 100 ||| Stepping randomly (stuck).
   101 | D:1      | 101 ||| Stepping randomly (stuck).
   102 | D:1      | 102 ||| Stepping randomly (stuck).
   103 | D:1      | 103 ||| Stepping randomly (stuck).
   104 | D:1      | 104 ||| Stepping randomly (stuck).
   105 | D:1      | 105 ||| Stepping randomly (stuck).
   106 | D:1      | 106 ||| Stepping randomly (stuck).
   107 | D:1      | 107 ||| Stepping randomly (stuck).
   108 | D:1      | 108 ||| Stepping randomly (stuck).
   109 | D:1      | 109 ||| Stepping randomly (stuck).
   110 | D:1      | 110 ||| Stepping randomly (stuck).
   111 | D:1      | 111 ||| Stepping randomly (stuck).
   112 | D:1      | 112 ||| Stepping randomly (stuck).
   113 | D:1      | 113 ||| Stepping randomly (stuck).
   114 | D:1      | 114 ||| Stepping randomly (stuck).
   115 | D:1      | 115 ||| Stepping randomly (stuck).
   116 | D:1      | 116 ||| Stepping randomly (stuck).
   117 | D:1      | 117 ||| Stepping randomly (stuck).
   118 | D:1      | 118 ||| Stepping randomly (stuck).
   119 | D:1      | 119 ||| Stepping randomly (stuck).
   120 | D:1      | 120 ||| Stepping randomly (stuck).
   121 | D:1      | 121 ||| Stepping randomly (stuck).
   122 | D:1      | 122 ||| Stepping randomly (stuck).
   123 | D:1      | 123 ||| Stepping randomly (stuck).
   124 | D:1      | 124 ||| Stepping randomly (stuck).
   125 | D:1      | 125 ||| Stepping randomly (stuck).
   126 | D:1      | 126 ||| Stepping randomly (stuck).
   127 | D:1      | 127 ||| Stepping randomly (stuck).
   128 | D:1      | 128 ||| Stepping randomly (stuck).
   129 | D:1      | 129 ||| Stepping randomly (stuck).
   130 | D:1      | 130 ||| Stepping randomly (stuck).
   131 | D:1      | 131 ||| Stepping randomly (stuck).
   132 | D:1      | 132 ||| Stepping randomly (stuck).
   133 | D:1      | 133 ||| Stepping randomly (stuck).
   134 | D:1      | 134 ||| Stepping randomly (stuck).
   135 | D:1      | 135 ||| Stepping randomly (stuck).
   136 | D:1      | 136 ||| Stepping randomly (stuck).
   137 | D:1      | 137 ||| Stepping randomly (stuck).
   138 | D:1      | 138 ||| Stepping randomly (stuck).
   139 | D:1      | 139 ||| Stepping randomly (stuck).
   140 | D:1      | 140 ||| Stepping randomly (stuck).
   141 | D:1      | 141 ||| Stepping randomly (stuck).
   142 | D:1      | 142 ||| Stepping randomly (stuck).
   143 | D:1      | 143 ||| Stepping randomly (stuck).
   144 | D:1      | 144 ||| Stepping randomly (stuck).
   145 | D:1      | 145 ||| Stepping randomly (stuck).
   146 | D:1      | 146 ||| Stepping randomly (stuck).
   147 | D:1      | 147 ||| Stepping randomly (stuck).
   148 | D:1      | 148 ||| Stepping randomly (stuck).
   149 | D:1      | 149 ||| Stepping randomly (stuck).
   150 | D:1      | 150 ||| Stepping randomly (stuck).
   151 | D:1      | 151 ||| Stepping randomly (stuck).
   152 | D:1      | 152 ||| Stepping randomly (stuck).
   153 | D:1      | 153 ||| Stepping randomly (stuck).
   154 | D:1      | 154 ||| Stepping randomly (stuck).
   155 | D:1      | 155 ||| Stepping randomly (stuck).
   156 | D:1      | 156 ||| Stepping randomly (stuck).
   157 | D:1      | 157 ||| Stepping randomly (stuck).
   158 | D:1      | 158 ||| Stepping randomly (stuck).
   159 | D:1      | 159 ||| Stepping randomly (stuck).
   160 | D:1      | 160 ||| Stepping randomly (stuck).
   161 | D:1      | 161 ||| Stepping randomly (stuck).
   162 | D:1      | 162 ||| Stepping randomly (stuck).
   163 | D:1      | 163 ||| Stepping randomly (stuck).
   164 | D:1      | 164 ||| Stepping randomly (stuck).
   165 | D:1      | 165 ||| Stepping randomly (stuck).
   166 | D:1      | 166 ||| Stepping randomly (stuck).
   167 | D:1      | 167 ||| Stepping randomly (stuck).
   168 | D:1      | 168 ||| Stepping randomly (stuck).
   169 | D:1      | 169 ||| Stepping randomly (stuck).
   170 | D:1      | 170 ||| Stepping randomly (stuck).
   171 | D:1      | 171 ||| Stepping randomly (stuck).
   172 | D:1      | 172 ||| Stepping randomly (stuck).
   173 | D:1      | 173 ||| Stepping randomly (stuck).
   174 | D:1      | 174 ||| Stepping randomly (stuck).
   175 | D:1      | 175 ||| Stepping randomly (stuck).
   176 | D:1      | 176 ||| Stepping randomly (stuck).
   177 | D:1      | 177 ||| Stepping randomly (stuck).
   178 | D:1      | 178 ||| Stepping randomly (stuck).
   179 | D:1      | 179 ||| Stepping randomly (stuck).
   180 | D:1      | 180 ||| Stepping randomly (stuck).
   181 | D:1      | 181 ||| Stepping randomly (stuck).
   182 | D:1      | 182 ||| Stepping randomly (stuck).
   183 | D:1      | 183 ||| Stepping randomly (stuck).
   184 | D:1      | 184 ||| Stepping randomly (stuck).
   185 | D:1      | 185 ||| Stepping randomly (stuck).
   186 | D:1      | 186 ||| Stepping randomly (stuck).
   187 | D:1      | 187 ||| Stepping randomly (stuck).
   188 | D:1      | 188 ||| Stepping randomly (stuck).
   189 | D:1      | 189 ||| Stepping randomly (stuck).
   190 | D:1      | 190 ||| Stepping randomly (stuck).
   191 | D:1      | 191 ||| Stepping randomly (stuck).
   192 | D:1      | 192 ||| Stepping randomly (stuck).
   193 | D:1      | 193 ||| Stepping randomly (stuck).
   194 | D:1      | 194 ||| Stepping randomly (stuck).
   195 | D:1      | 195 ||| Stepping randomly (stuck).
   196 | D:1      | 196 ||| Stepping randomly (stuck).
   197 | D:1      | 197 ||| Stepping randomly (stuck).
   198 | D:1      | 198 ||| Stepping randomly (stuck).
   199 | D:1      | 199 ||| Stepping randomly (stuck).
   200 | D:1      | 200 ||| Stepping randomly (stuck).
   201 | D:1      | 201 ||| Stepping randomly (stuck).
   202 | D:1      | 202 ||| Stepping randomly (stuck).
   203 | D:1      | 203 ||| Stepping randomly (stuck).
   204 | D:1      | 204 ||| Stepping randomly (stuck).
   205 | D:1      | 205 ||| Stepping randomly (stuck).
   206 | D:1      | 206 ||| Stepping randomly (stuck).
   207 | D:1      | 207 ||| Stepping randomly (stuck).
   208 | D:1      | 208 ||| Stepping randomly (stuck).
   209 | D:1      | 209 ||| Stepping randomly (stuck).
   210 | D:1      | 210 ||| Stepping randomly (stuck).
   211 | D:1      | 211 ||| Stepping randomly (stuck).
   212 | D:1      | 212 ||| Stepping randomly (stuck).
   213 | D:1      | 213 ||| Stepping randomly (stuck).
   214 | D:1      | 214 ||| Stepping randomly (stuck).
   215 | D:1      | 215 ||| Stepping randomly (stuck).
   216 | D:1      | 216 ||| Stepping randomly (stuck).
   217 | D:1      | 217 ||| Stepping randomly (stuck).
   218 | D:1      | 218 ||| Stepping randomly (stuck).
   219 | D:1      | 219 ||| Stepping randomly (stuck).
   220 | D:1      | 220 ||| Stepping randomly (stuck).
   221 | D:1      | 221 ||| Stepping randomly (stuck).
   450 | D:1      | 450 ||| READING 2 scrolls labelled MEONY REC YRIU.
   473 | D:2      | 473 ||| Stepping ~*~*~tactically~*~*~ (stealth).
   478 | D:2      | Reached XP level 2. HP: 28/29 MP: 2/2
   478 | D:2      | 478 ||| Stepping ~*~*~tactically~*~*~ (hiding).
   499 | D:2      | 499 ||| READING 3 scrolls labelled QAF GICEKH.
   500 | D:2      | 500 ||| READING scroll labelled KOBEKYI SOSO.
   503 | D:2      | 503 ||| READING 2 scrolls of identify.
   503 | D:2      | 503 ||| IDENTIFYING puce potion
   504 | D:2      | 504 ||| DROPPING potion of brilliance.
   505 | D:2      | 505 ||| DROPPING 2 scrolls of poison.
   507 | D:2      | 507 ||| Stepping ~*~*~tactically~*~*~ (outnumbered).
   508 | D:2      | 508 ||| Stepping ~*~*~tactically~*~*~ (outnumbered).
   511 | D:2      | Reached skill level 4 in Unarmed Combat
   511 | D:2      | 511 ||| Stepping ~*~*~tactically~*~*~ (outnumbered).
   512 | D:2      | 512 ||| Stepping ~*~*~tactically~*~*~ (outnumbered).
   513 | D:2      | 513 ||| Stepping ~*~*~tactically~*~*~ (outnumbered).
   568 | D:2      | Reached XP level 3. HP: 36/36 MP: 3/3
   920 | D:1      | Found a faded altar of an unknown god.
  1270 | D:1      | 1270 ||| READING scroll labelled JOTAUS YZXAZ.
  1271 | D:1      | 1271 ||| READING scroll labelled MYL XUBLAUTOSM.
  1490 | D:2      | Reached skill level 5 in Unarmed Combat
  1490 | D:2      | Reached XP level 4. HP: 31/44 MP: 4/4
  1763 | D:2      | 1763 ||| UPGRADING to ring of resist corrosion.
  1764 | D:2      | 1764 ||| READING scroll labelled GAHAUS FOVUWO.
  1765 | D:2      | 1765 ||| DRINKING 2 smoky brown potions.
  1766 | D:2      | 1766 ||| DRINKING 2 fuming blue potions.
  1822 | D:3      | 1822 ||| Stepping ~*~*~tactically~*~*~ (stealth).
  1829 | D:3      | 1829 ||| Stepping ~*~*~tactically~*~*~ (stealth).
  1861 | D:3      | 1861 ||| INVOKING Fiery Armour.
  1896 | D:3      | Noticed Natasha
  1897 | D:3      | 1897 ||| Stepping ~*~*~tactically~*~*~ (hiding).
  1901 | D:3      | Killed Natasha
  1902 | D:3      | Reached XP level 5. HP: 50/50 MP: 5/5
  1917 | D:3      | Noticed Natasha
  1918 | D:3      | 1918 ||| Stepping ~*~*~tactically~*~*~ (stealth).
  1924 | D:3      | Killed Natasha
  1925 | D:3      | Reached skill level 6 in Unarmed Combat
  1953 | D:3      | 1953 ||| Stepping ~*~*~tactically~*~*~ (hiding).
  1954 | D:3      | 1954 ||| Stepping ~*~*~tactically~*~*~ (hiding).
  1955 | D:3      | 1955 ||| Stepping ~*~*~tactically~*~*~ (hiding).
  1957 | D:3      | 1957 ||| Stepping ~*~*~tactically~*~*~ (hiding).
  2101 | D:3      | Noticed Natasha
  2102 | D:3      | 2102 ||| Stepping ~*~*~tactically~*~*~ (hiding).
  2103 | D:3      | 2103 ||| Stepping ~*~*~tactically~*~*~ (hiding).
  2108 | D:3      | Killed Natasha
  2293 | D:3      | 2293 ||| Stepping ~*~*~tactically~*~*~ (stealth).
  2296 | D:3      | 2296 ||| Stepping ~*~*~tactically~*~*~ (stealth).
  2297 | D:3      | 2297 ||| Stepping ~*~*~tactically~*~*~ (stealth).
  2303 | D:3      | 2303 ||| Stepping ~*~*~tactically~*~*~ (stealth).
  2523 | D:3      | 2523 ||| DRINKING 2 emerald potions.
  2624 | D:3      | 2624 ||| READING 2 scrolls of identify.
  2624 | D:3      | 2624 ||| IDENTIFYING golden potion
  2625 | D:3      | 2625 ||| DROPPING potion of ambrosia.
  2677 | D:4      | 2677 ||| Stepping ~*~*~tactically~*~*~ (stealth).
  2687 | D:4      | 2687 ||| Stepping ~*~*~tactically~*~*~ (outnumbered).
  2688 | D:4      | 2688 ||| Stepping ~*~*~tactically~*~*~ (outnumbered).
  2689 | D:4      | 2689 ||| Stepping ~*~*~tactically~*~*~ (outnumbered).
  2690 | D:4      | 2690 ||| Stepping ~*~*~tactically~*~*~ (outnumbered).
  2699 | D:4      | 2699 ||| Stepping ~*~*~tactically~*~*~ (stealth).
  2714 | D:4      | 2714 ||| Stepping ~*~*~tactically~*~*~ (outnumbered).
  2720 | D:4      | 2720 ||| INVOKING Fiery Armour.
  2752 | D:4      | 2752 ||| Stepping ~*~*~tactically~*~*~ (stealth).
  2785 | D:4      | 2785 ||| Stepping ~*~*~tactically~*~*~ (stealth).
  2798 | D:4      | Identified the +1 leather armour of Xiacwae {+Inv rPois
                  | Int-2}
  2857 | D:4      | Reached XP level 6. HP: 59/59 MP: 6/6
  2857 | D:4      | Noticed a steam dragon
  2869 | D:4      | 2869 ||| INVOKING Fiery Armour.
  2870 | D:4      | Killed a steam dragon
  2930 | D:4      | Found a staircase to the Ecumenical Temple.
  2988 | D:4      | Reached skill level 7 in Unarmed Combat
  3085 | D:4      | Reached XP level 7. HP: 55/66 MP: 7/7
  3131 | D:4      | Found a broken altar of Ashenzari.
  3234 | D:4      | Found a blossoming altar of Fedhas.
  3314 | D:4      | 3314 ||| INVOKING Fiery Armour.
  3325 | D:4      | 3325 ||| READING scroll labelled MYNOSTR FIOTASH.
  3326 | D:4      | 3326 ||| READING 2 scrolls of identify.
  3326 | D:4      | 3326 ||| IDENTIFYING pink potion
  3341 | D:5      | Entered Level 5 of the Dungeon
  3350 | D:5      | Found Cuifol's Armour Boutique.
  3362 | D:5      | 3362 ||| Stepping ~*~*~tactically~*~*~ (outnumbered).
  3363 | D:5      | 3363 ||| Stepping ~*~*~tactically~*~*~ (outnumbered).
  3364 | D:5      | 3364 ||| Stepping ~*~*~tactically~*~*~ (outnumbered).
  3387 | D:5      | 3387 ||| SHOPLISTING +2 shadow dragon scales (1012 gold,
                  | have 168).
  3476 | D:5      | Reached skill level 8 in Unarmed Combat
  3491 | D:5      | Reached skill level 3 in Fighting
  3542 | D:5      | Found Zadukank's Book Emporium.
  3552 | D:5      | 3552 ||| Stepping ~*~*~tactically~*~*~ (hiding).
  3555 | D:5      | 3555 ||| Stepping ~*~*~tactically~*~*~ (stealth).
  3556 | D:5      | 3556 ||| Stepping ~*~*~tactically~*~*~ (stealth).
  3570 | D:5      | 3570 ||| INVOKING Fiery Armour.
  3648 | D:5      | Found Cadghuty's Armour Shop.
  3747 | D:5      | Found a sacrificial altar of Ru.
  3782 | D:5      | 3782 ||| READING scroll labelled EJOJUO GOSTRIAV.
  3783 | D:5      | 3783 ||| READING scroll labelled NOEFEPH LU UTT.
  3784 | D:5      | 3784 ||| DRINKING 3 amethyst potions.
  3817 | D:5      | 3817 ||| READING 3 scrolls of teleportation.
  3875 | D:6      | 3875 ||| FLEEEEING.
  3876 | D:6      | 3876 ||| FLEEEEING.
  3877 | D:6      | 3877 ||| FLEEEEING.
  3879 | D:6      | 3879 ||| STAIRDANCE
  4066 | D:6      | Reached XP level 8. HP: 75/75 MP: 8/8
  4092 | D:6      | 4092 ||| Stepping ~*~*~tactically~*~*~ (stealth).
  4097 | D:6      | Reached skill level 9 in Unarmed Combat
  4138 | D:6      | Reached skill level 1 in Dodging
  4299 | D:6      | Identified the +7 chain mail of the Slightly Bent {rElec
                  | Regen+}
  4330 | D:6      | Reached skill level 10 in Unarmed Combat
  4382 | D:6      | Found an ancient bone altar of Kikubaaqudgha.
  4521 | D:6      | Found a stormy altar of Qazlal.
  4792 | D:6      | 4792 ||| DRINKING 2 purple potions.
  4816 | D:5      | 4816 ||| READING 4 scrolls of teleportation.
  4942 | D:5      | 4942 ||| READING 3 scrolls of teleportation.
  5062 | D:7      | 5062 ||| INVOKING Fiery Armour.
  5094 | D:7      | 5094 ||| Stepping ~*~*~tactically~*~*~ (stealth).
  5106 | D:7      | Found a glowing golden altar of the Shining One.
  5120 | D:7      | 5120 ||| Stepping ~*~*~tactically~*~*~ (stealth).
  5120 | D:7      | Found a snail-covered altar of Cheibriados.
  5121 | D:7      | 5121 ||| Stepping ~*~*~tactically~*~*~ (stealth).
  5345 | D:7      | 5345 ||| Stepping ~*~*~tactically~*~*~ (stealth).
  5356 | D:7      | Reached XP level 9. HP: 76/84 MP: 9/9
  5419 | D:7      | 5419 ||| INVOKING Fiery Armour.
  5426 | D:7      | 5426 ||| FLEEEEING.
  5427 | D:7      | 5427 ||| FLEEEEING.
  5428 | D:7      | 5428 ||| FLEEEEING.
  5429 | D:7      | 5429 ||| FLEEEEING.
  5466 | D:7      | 5466 ||| Stepping ~*~*~tactically~*~*~ (stealth).
  5472 | D:7      | Reached skill level 11 in Unarmed Combat
  5487 | D:7      | Found Ylount's Specific Store.
  5488 | D:7      | Found Isehoa's General Store.
  5497 | D:7      | 5497 ||| BUYING +1 cloak (138 gold).
  5497 | D:7      | Bought a +1 cloak for 138 gold pieces
  5497 | D:7      | 5497 ||| BUYING potion of resistance (120 gold).
  5497 | D:7      | Bought a potion of resistance for 120 gold pieces
  5509 | D:7      | Found a shimmering altar of Xom.
  5616 | D:7      | Reached skill level 3 in Throwing
  5991 | D:7      | 5991 ||| UPGRADING to +0 cloak.
  5996 | D:7      | 5996 ||| UPGRADING to +1 cloak.
  6006 | D:7      | 6006 ||| DROPPING +0 cloak.
  6085 | D:8      | 6085 ||| STAIRDANCE
  6098 | D:8      | 6098 ||| STAIRDANCE
  6131 | D:8      | 6131 ||| STAIRDANCE
  6144 | D:8      | 6144 ||| STAIRDANCE
  6150 | D:8      | 6150 ||| STAIRDANCE
  6174 | D:8      | 6174 ||| Stepping ~*~*~tactically~*~*~ (stealth).
  6182 | D:8      | 6182 ||| Stepping ~*~*~tactically~*~*~ (outnumbered).
  6183 | D:8      | 6183 ||| Stepping ~*~*~tactically~*~*~ (outnumbered).
  6184 | D:8      | 6184 ||| Stepping ~*~*~tactically~*~*~ (outnumbered).
  6185 | D:8      | 6185 ||| Stepping ~*~*~tactically~*~*~ (outnumbered).
  6186 | D:8      | 6186 ||| Stepping ~*~*~tactically~*~*~ (outnumbered).
  6187 | D:8      | 6187 ||| Stepping ~*~*~tactically~*~*~ (outnumbered).
  6294 | D:8      | Reached skill level 12 in Unarmed Combat
  6340 | D:8      | Found an opulent altar of Gozag.
  6413 | D:8      | 6413 ||| Stepping ~*~*~tactically~*~*~ (stealth).
  6467 | D:8      | Noticed a cyclops
  6468 | D:8      | 6468 ||| FLEEEEING.
  6488 | D:8      | 6488 ||| FLEEEEING.
  6489 | D:8      | 6489 ||| FLEEEEING.
  6490 | D:8      | 6490 ||| FLEEEEING.
  6500 | D:8      | 6500 ||| INVOKING Fiery Armour.
  6500 | D:8      | HP: 21/85 [cyclops (22)]
  6501 | D:8      | 6501 ||| READING 3 scrolls of teleportation.
  6503 | D:8      | Killed a cyclops
  6556 | D:8      | 6556 ||| FLEEEEING.
  6557 | D:8      | 6557 ||| Stepping ~*~*~tactically~*~*~ (stealth).
  6559 | D:8      | 6559 ||| Stepping ~*~*~tactically~*~*~ (stealth).
  6561 | D:8      | 6561 ||| Stepping ~*~*~tactically~*~*~ (stealth).
  6793 | D:8      | Noticed Gastronok
  6794 | D:8      | 6794 ||| Stepping ~*~*~tactically~*~*~ (hiding).
  6796 | D:8      | 6796 ||| Stepping ~*~*~tactically~*~*~ (hiding).
  6799 | D:8      | 6799 ||| Stepping ~*~*~tactically~*~*~ (hiding).
  6811 | D:8      | Killed Gastronok
  6812 | D:8      | Reached XP level 10. HP: 97/97 MP: 10/10
  6880 | D:8      | Noticed a boulder beetle
  6881 | D:8      | 6881 ||| INVOKING Fiery Armour.
  6900 | D:8      | HP: 24/97 [boulder beetle (52)]
  6901 | D:8      | 6901 ||| READING 3 scrolls of teleportation.
  6901 | D:8      | HP: 10/97 [boulder beetle (15)]
  6902 | D:8      | 6902 ||| DRINKING 2 potions of heal wounds.
  6903 | D:8      | Killed a boulder beetle
  7018 | D:8      | 7018 ||| UPGRADING to +1 hat of see invisible.
  7023 | D:8      | 7023 ||| READING 3 scrolls of identify.
  7023 | D:8      | 7023 ||| IDENTIFYING murky pink potion
  7024 | D:8      | 7024 ||| READING 2 scrolls of identify.
  7024 | D:8      | 7024 ||| IDENTIFYING fizzy black potion
  7025 | D:8      | 7025 ||| DROPPING potion of magic.
  7026 | D:8      | 7026 ||| DROPPING potion of berserk rage.
  7037 | D:9      | 7037 ||| STAIRDANCE
  7039 | D:8      | 7039 ||| Stepping ~*~*~tactically~*~*~ (outnumbered).
  7040 | D:8      | 7040 ||| Stepping ~*~*~tactically~*~*~ (outnumbered).
  7041 | D:8      | 7041 ||| INVOKING Fiery Armour.
  7042 | D:8      | 7042 ||| Stepping ~*~*~tactically~*~*~ (outnumbered).
  7043 | D:8      | 7043 ||| Stepping ~*~*~tactically~*~*~ (outnumbered).
  7044 | D:8      | 7044 ||| STAIRDANCE
  7099 | D:8      | 7099 ||| STAIRDANCE
  7104 | D:8      | 7104 ||| Stepping ~*~*~tactically~*~*~ (outnumbered).
  7105 | D:8      | 7105 ||| Stepping ~*~*~tactically~*~*~ (outnumbered).
  7106 | D:8      | 7106 ||| Stepping ~*~*~tactically~*~*~ (outnumbered).
  7107 | D:8      | 7107 ||| Stepping ~*~*~tactically~*~*~ (outnumbered).
  7108 | D:8      | 7108 ||| Stepping ~*~*~tactically~*~*~ (outnumbered).
  7109 | D:8      | 7109 ||| Stepping ~*~*~tactically~*~*~ (outnumbered).
  7110 | D:8      | 7110 ||| Stepping ~*~*~tactically~*~*~ (outnumbered).
  7118 | D:8      | 7118 ||| FLEEEEING.
  7140 | D:9      | 7140 ||| STAIRDANCE
  7142 | D:8      | 7142 ||| Stepping ~*~*~tactically~*~*~ (outnumbered).
  7143 | D:8      | 7143 ||| Stepping ~*~*~tactically~*~*~ (outnumbered).
  7144 | D:8      | 7144 ||| Stepping ~*~*~tactically~*~*~ (outnumbered).
  7150 | D:8      | Reached skill level 13 in Unarmed Combat
  7154 | D:8      | Reached skill level 1 in Armour
  7165 | D:8      | 7165 ||| INVOKING Fiery Armour.
  7229 | D:9      | 7229 ||| STAIRDANCE
  7231 | D:8      | 7231 ||| Stepping ~*~*~tactically~*~*~ (outnumbered).
  7232 | D:8      | 7232 ||| Stepping ~*~*~tactically~*~*~ (outnumbered).
  7233 | D:8      | 7233 ||| Stepping ~*~*~tactically~*~*~ (outnumbered).
  7263 | D:9      | 7263 ||| STAIRDANCE
  7451 | D:9      | Found a white marble altar of Elyvilon.
  7506 | D:9      | Reached skill level 14 in Unarmed Combat
  7536 | D:9      | 7536 ||| Stepping ~*~*~tactically~*~*~ (stealth).
  7537 | D:9      | 7537 ||| Stepping ~*~*~tactically~*~*~ (stealth).
  7572 | D:9      | Reached skill level 6 in Fighting
  7575 | D:9      | 7575 ||| FLEEEEING.
  7576 | D:9      | 7576 ||| FLEEEEING.
  7580 | D:9      | 7580 ||| Stepping ~*~*~tactically~*~*~ (outnumbered).
  7655 | D:9      | 7655 ||| Stepping ~*~*~tactically~*~*~ (stealth).
  7657 | D:9      | 7657 ||| Stepping ~*~*~tactically~*~*~ (stealth).
  7662 | D:9      | Reached XP level 11. HP: 105/105 MP: 11/11
  7681 | D:9      | 7681 ||| INVOKING Fiery Armour.
  7681 | D:9      | HP: 10/105 [unseen horror simulacrum (19)]
  7682 | D:9      | 7682 ||| READING 2 scrolls of teleportation.
  7682 | D:9      | Slain by an unseen horror simulacrum

Levels and vault maps discovered:
D:1:      ldierk_water_garden, layout_basic, basic_ecumenical_altar
D:2:      minmay_alternating_diamond, layout_rooms, kennysheep_generic_room_7
D:3:      layout_rooms, uniq_natasha
D:4:      layout_cave_pools, fedhas_altar_decomposition,
          cheibrodos_ashenzari_chains, minmay_temple_entry_metal_lava
D:5:      layout_rooms, nicolae_ru_the_path_less_chosen, serial_shops,
          nicolae_diamond_shop, nicolae_take_the_stairs,
          nicolae_shop_window_shopping
D:6:      layout_gridville, kiku_gazebo_pond_becter,
          mainiacjoe_overflow_alcove_2
D:7:      layout_basic, kennysheep_little_box, grunt_temple_overflow_open,
          nicolae_specific_store, grunt_decor_one_mirror
D:8:      minmay_bloctagon_deflated, layout_basic, lemuel_tele_altar,
          uniq_gastronok
D:9:      layout_roguey, elyvilon_altar_5, serial_ice, serial_ice_b,
          serial_ice_i, serial_ice_e, serial_ice_c, serial_ice_g, serial_ice_m,
          minmay_misc_feat_four_crosses, grunt_ministairs_9,
          minmay_misc_feat_cross

Skill      XL: |  1  2  3  4  5  6  7  8  9 10 |
---------------+-------------------------------+-----
Unarmed Combat | 4 5 6 7 8 10 12 14 | 14.2
Throwing       | 2 5 |  5.8
Fighting       | 3 4 5 6 |  6.0
Dodging        | 1 |  1.9
Armour         | 1 |  1.1
Spellcasting   | |  1.0
Fire Magic     | |  2.1

Action                   |  1- 3 |  4- 6 |  7- 9 | 10-12 || total
-------------------------+-------+-------+-------+-------++-------
Melee: Unarmed           |    96 |   128 |   237 |   102 ||   563
       Punch             |     2 |     1 |     8 |     5 ||    16
Throw: Boomerang         |       |     7 |     6 |     1 ||    14
       Javelin           |       |    15 |    41 |     5 ||    61
       Large rock        |       |       |       |    10 ||    10
Invok: Fiery Armour      |       |     3 |     5 |     4 ||    12
  Use: Scroll            |     6 |     2 |     8 |     4 ||    20
       Potion            |       |     3 |     2 |     1 ||     6
Armor: Robe              |    24 |    36 |    51 |    44 ||   155
Dodge: Dodged            |    40 |    38 |    84 |    62 ||   224

Table legend:
 A = Non-vault XP
 B = Vault XP
 C = Vault XP percentage of total XP
 D = Non-vault monster count
 E = Vault monster count
 F = Vault count percentage of total count
                 A         B        C        D         E       F
            +---------+---------+-------+---------+---------+-------
      Total |    7445 |    4260 |  36.4 |     189 |      26 |  12.1
            +---------+---------+-------+---------+---------+-------
        D:1 |      26 |       0 |   0.0 |      15 |       0 |   0.0
        D:2 |      70 |      17 |  19.5 |      20 |       8 |  28.6
        D:3 |     149 |      36 |  19.5 |      24 |       1 |   4.0
        D:4 |     459 |       0 |   0.0 |      27 |       0 |   0.0
        D:5 |     516 |       0 |   0.0 |      14 |       0 |   0.0
        D:6 |    1121 |       0 |   0.0 |      23 |       0 |   0.0
        D:7 |    1630 |       3 |   0.2 |      34 |       1 |   2.9
        D:8 |    2397 |    2894 |  54.7 |      21 |       4 |  16.0
        D:9 |    1077 |    1310 |  54.9 |      11 |      12 |  52.2
            +---------+---------+-------+---------+---------+-------
